 Dungeon Crawl Stone Soup version 0.32-a0-576-g706899e69d (webtiles) character file.

Game seed: 6530588687651176607

27047 BeKind the Blocker (level 13, 0/119 HPs)
             Began as a Minotaur Berserker on Mar 2, 2024.
             Was a High Priest of Trog.
             Slain by a troll (1 damage)
             ... while petrified by a basilisk
             ... on level 13 of the Dungeon.
             The game lasted 00:16:29 (15458 turns).

BeKind the Blocker (Minotaur Berserker)            Turns: 15458, Time: 00:16:30

Health: 0/119      AC: 16    Str: 26    XL:     13   Next: 2%
Magic:  12/12      EV:  2    Int:  4    God:    Trog [*****.]
Gold:   863        SH:  0    Dex: 11    Spells: 12/12 levels left

rFire   . . .        P - +2 trident (flame)
rCold   . . .        v - +0 buckler
rNeg    + + +        N - +1 chain mail of Honour {rElec Slay+2 SInv Stlth+}
rPois   ∞            (helmet restricted)
rElec   +            b - +0 cloak
rCorr   .            (no gloves)
SInv    +            o - +0 pair of boots
Will    .....        f - amulet of faith Stlth
                     i - +5 ring of evasion
HPRegen 0.39/turn    L - ring of flight
MPRegen 0.13/turn

%: faith
@: petrified, marked, on berserk cooldown, flying, slowed
A: horns 2, retaliatory headbutt
a: Renounce Religion, Berserk, Trog's Hand, Brothers in Arms


You were on level 13 of the Dungeon.
You worshipped Trog.
Trog was extremely pleased with you.
You visited 1 branch of the dungeon, and saw 13 of its levels.

You collected 863 gold pieces.

Inventory:

Hand Weapons
 a - a +0 spear
 P - a +2 trident of flaming (weapon)
Armour
 b - a +0 cloak (worn)
 o - a +0 pair of boots (worn)
 q - a +0 ring mail
 v - a +0 buckler (worn)
 I - +0 steam dragon scales
 M - a +0 plate armour
 N - the +1 chain mail of Honour (worn) {rElec Slay+2 SInv Stlth+}
   (You found it on level 10 of the Dungeon)

   Slay+2:    It affects your accuracy & damage with ranged weapons and melee
   (+2).
   rElec:     It insulates you from electricity.
   SInv:      It lets you see invisible.
   Stlth+:    It makes you more stealthy.
 V - +0 acid dragon scales
Jewellery
 f - an amulet of faith (around neck)
 i - a +5 ring of evasion (left hand)
 w - a ring of poison resistance
 K - a ring of ice
 L - a ring of flight (right hand)
 O - a ring of ice
Wands
 y - a wand of iceblast (13)
 F - a wand of flame (13)
 H - a wand of paralysis (9)
Scrolls
 d - 4 scrolls of noise {unknown}
 e - a scroll of silence {unknown}
 g - 2 scrolls of enchant armour {unknown}
 h - 3 scrolls of revelation {unknown}
 j - a scroll of blinking
 k - 3 scrolls of poison
 l - 3 scrolls of fog
 m - a scroll of fear
 r - 3 scrolls of enchant weapon
 s - 3 scrolls of vulnerability
 t - 3 scrolls of brand weapon {unknown}
 Q - 4 scrolls of teleportation {unknown}
 R - 2 scrolls of immolation {unknown}
 S - a scroll of butterflies
 T - a scroll of torment {unknown}
 W - a scroll of amnesia {unknown}
Potions
 c - 6 potions of curing {unknown}
 n - 2 potions of berserk rage {unknown}
 p - 2 potions of resistance {unknown}
 u - 2 potions of enlightenment {unknown}
 x - 3 potions of might {unknown}
 z - a potion of cancellation {unknown}
 A - a potion of invisibility {unknown}
 B - a potion of heal wounds {unknown}
 C - 2 potions of attraction {unknown}
 D - a potion of degeneration {unknown}
 E - 2 potions of haste {unknown}
 G - 2 potions of lignification {unknown}
 J - a potion of mutation {unknown}
 U - a potion of brilliance {unknown}


   Skills:
 + Level 12.9 Fighting
 + Level 12.9 Polearms
 + Level 12.5 Armour
 - Level 8.0 Dodging
 + Level 13.4 Shields


You had 12 spell levels left.
You didn't know any spells.
Your spell library contained the following spells:

 Spells                   Type           Power      Damage    Failure   Level
 Shock                    Conj/Air       0%         1d3       92%         1
 Swiftness                Air            0%         N/A       100%        3
 Airstrike                Air            0%         2d(0-16)  100%        4


Dungeon Overview and Level Annotations

Branches:
Dungeon (13/15)            Temple (0/1) D:6            Lair (0/5) D:8
    Orc (0/2) D:10
 Vaults: D:13-14

Altars:
Ashenzari
Gozag
Hepliaklqana
Kikubaaqudgha
Nemelex Xobeh
Okawaru
Qazlal
Ru
Sif Muna
Wu Jian
Xom
Yredelemnul
Zin

Shops:
D:1 (   D:2 *   D:12 =

Portals:
Trove: D:13 (give +4 fire dragon scales)

Annotations:
D:7 1 runed translucent door


Innate Abilities, Weirdness & Mutations

You have a pair of horns on your head.
You reflexively headbutt those who attack you in melee.


Message History

The boulder beetle curls into a ball and begins rolling!
The troll bites you.
* * * LOW HITPOINT WARNING * * *
The troll claws you but does no damage. x2
The efreet hits you with a +4 scimitar of flaming.
* * * LOW HITPOINT WARNING * * *
The efreet burns you.
A spriggan comes into view.
The basilisk completely misses you.
The efreet hits you with a +4 scimitar of flaming!
* * * LOW HITPOINT WARNING * * *
The efreet burns you. The troll bites you.
* * * LOW HITPOINT WARNING * * *
The troll completely misses you. The troll claws you but does no damage.
A wolf spider comes into view.
A deep elf pyromancer comes into view. It is wielding a +0 dagger.
The basilisk bites you!
* * * LOW HITPOINT WARNING * * *
A troll comes into view.
The troll bites you but does no damage.
The troll claws you but does no damage. x2
The boulder beetle stops rolling and uncurls.
The efreet completely misses you.
A manticore comes into view.
The basilisk barely misses you.
The efreet hits you with a +4 scimitar of flaming.
* * * LOW HITPOINT WARNING * * *
The efreet burns you. The troll bites you!
* * * LOW HITPOINT WARNING * * *
The troll claws you but does no damage. The troll claws you.
* * * LOW HITPOINT WARNING * * *
A centaur warrior comes into view.
It is wearing a +1 robe of cold resistance.
The spriggan changes into a jumping spider!
The efreet hits you with a +4 scimitar of flaming!
* * * LOW HITPOINT WARNING * * *
The efreet burns you.
* * * LOW HITPOINT WARNING * * *
The basilisk bites you but does no damage.
The troll bites you but does no damage. The troll claws you but does no damage.
The troll claws you.
You die...

#..###+#####+#####'#####'#####+#
#..# #.[...#..### #..# #..#
##.##.#.#..###.[## #..+
+##.##+.###.)..#.. #..# #.##)##.
#####).# #..# #.....#. #(.# #..#
#+#####H#### ##'## # .○R#.TF.[#
##.##. #☼#@##### #.....


#BR)lCsFQ.$ +.##.# #T#####e#.. #.(... #Ds ##.##. #c## ###+## Tse #..#.. #.#
#.#.#. '. #...# #..#. You could see a boulder beetle, an eight-headed hydra, a
tengu warrior, 2 wolf spiders, a centaur warrior, a deep elf archer (repels
missiles), a manticore, a cyclops, a deep elf pyromancer, 2 cane toads, 3
trolls, an efreet, a basilisk and a jumping spider shaped shifter.

Vanquished Creatures
  Gastronok (D:10)
  A very ugly thing (D:13)
  Fannar (D:10)
  A catoblepas (D:13)
  5 centaur warriors
  A two-headed ogre (D:13)
  4 skeletal warriors (D:11)
  A cyclops (D:13)
  2 manticores (D:13)
  A wolf spider (D:13)
  A salamander (shapeshifter) (D:13)
  An ugly thing (D:13)
  A meliai (D:13)
  2 efreet (D:13)
  3 gargoyles
  A komodo dragon (D:11)
  A rime drake (D:8)
  A polar bear (D:8)
  2 hornets
  5 trolls
  4 slime creatures (D:12)
  2 shadows (D:10)
  3 wraiths
  A warg (shapeshifter) (D:13)
  A wyvern (D:11)
  17 yaks
  16 vampire mosquitoes
  5 steam dragons
  A water elemental (D:12)
  2 acid dragons
  A water moccasin (D:6)
  6 orc warriors
  2 sky beasts
  A black bear (D:5)
  9 ice beasts
  2 ogres
  9 centaurs
  2 wolves (D:8)
  A phantom (D:10)
  2 kobold brigands
  5 bullfrogs
  5 scorpions
  A troll zombie (D:10)
  4 howler monkeys
  An electric eel (D:12)
  2 bombardier beetles
  8 orc priests
  A jelly (D:4)
  Crazy Yiuf (D:3)
  A gnoll bouda (D:8)
  2 hounds
  A sleepcap (D:5)
  5 iguanas (D:5)
  Natasha (thrice) (D:3)
  13 orc wizards
  5 ogre zombies (D:10)
  Robin (D:2)
  7 gnolls
  8 adders
  A shadow imp (D:5)
  A white imp (D:5)
  4 ufetubi
  3 dart slugs
  A ribbon worm (D:4)
  35 orcs
  9 ball pythons
  9 bats
  5 endoplasms
  3 giant cockroaches
  A gnoll zombie (D:10)
  17 goblins
  7 hobgoblins
  17 kobolds
  4 quokkas
  4 frilled lizards
  A gnoll skeleton (D:10)
  A jackal skeleton (D:7)
  A kobold zombie (D:7)
  An orc skeleton (D:10)
  16 orc zombies (D:10)
  7 rats
345 creatures vanquished.

Notes
Turn   | Place    | Note
-------+----------+-------------------------------------------
     0 | D:1      | BeKind the Minotaur Berserker began the quest for the Orb.
     0 | D:1      | Reached XP level 1. HP: 19/19 MP: 0/0
   155 | D:1      | Found Daow's Antique Weapon Emporium.
   189 | D:1      | Reached XP level 2. HP: 27/27 MP: 1/1
   670 | D:1      | Found a faded altar of an unknown god.
   854 | D:2      | Reached ** piety under Trog
   894 | D:2      | Reached XP level 3. HP: 31/33 MP: 2/2
  1011 | D:2      | Noticed Robin
  1029 | D:2      | Killed Robin
  1043 | D:2      | Reached XP level 4. HP: 12/40 MP: 3/3
  1177 | D:2      | Found an iron altar of Okawaru.
  1230 | D:2      | Reached *** piety under Trog
  1341 | D:2      | Found Plog's Assorted Antiques.
  2133 | D:3      | Noticed Natasha
  2137 | D:3      | Killed Natasha
  2138 | D:3      | Reached XP level 5. HP: 47/47 MP: 4/4
  2272 | D:3      | Found a runed translucent door.
  2273 | D:3      | Noticed Crazy Yiuf
  2334 | D:3      | Noticed Natasha
  2338 | D:3      | Killed Natasha
  2486 | D:3      | Killed Crazy Yiuf
  2487 | D:3      | Reached skill level 1 in Shields
  2844 | D:4      | Reached skill level 5 in Fighting
  3034 | D:4      | Reached **** piety under Trog
  3040 | D:4      | Reached skill level 5 in Polearms
  3062 | D:4      | Reached XP level 6. HP: 56/56 MP: 5/5
  3086 | D:4      | Reached skill level 2 in Shields
  3355 | D:4      | Reached skill level 3 in Shields
  3497 | D:4      | Found an ornate altar of the Wu Jian Council.
  3714 | D:4      | Reached XP level 7. HP: 37/61 MP: 6/6
  3923 | D:5      | Entered Level 5 of the Dungeon
  4070 | D:5      | Reached skill level 4 in Shields
  4082 | D:5      | Reached skill level 5 in Armour
  4344 | D:5      | Reached skill level 5 in Shields
  4344 | D:5      | Reached XP level 8. HP: 60/70 MP: 7/7
  4810 | D:6      | Found a staircase to the Ecumenical Temple.
  4813 | D:6      | Reached ***** piety under Trog
  4943 | D:6      | Reached skill level 5 in Dodging
  5118 | D:6      | Reached skill level 6 in Shields
  5761 | D:7      | Reached skill level 7 in Shields
  5776 | D:7      | Reached XP level 9. HP: 79/79 MP: 8/8
  5836 | D:7      | Found a runed translucent door.
  5837 | D:7      | Found a basalt altar of Yredelemnul.
  6167 | D:7      | Found a hazy altar of Hepliaklqana.
  6199 | D:7      | Found a glowing silver altar of Zin.
  6208 | D:7      | Found an opulent altar of Gozag.
  6208 | D:7      | Found an ancient bone altar of Kikubaaqudgha.
  6214 | D:7      | Found an iron altar of Okawaru.
  6216 | D:7      | Found a shimmering blue altar of Sif Muna.
  6217 | D:7      | Found a broken altar of Ashenzari.
  6219 | D:7      | Found a shimmering altar of Xom.
  6223 | D:7      | Found a sacrificial altar of Ru.
  6224 | D:7      | Found a stormy altar of Qazlal.
  6254 | D:7      | Paralysed by a hornet for 1 turns
  6464 | D:8      | Reached skill level 8 in Shields
  6796 | D:8      | Found a staircase to the Lair.
  6836 | D:8      | Noticed a rime drake
  6852 | D:8      | Killed a rime drake
  6856 | D:8      | Reached skill level 9 in Shields
  6957 | D:8      | Noticed a polar bear
  6964 | D:8      | Killed a polar bear
  6976 | D:8      | Reached XP level 10. HP: 88/88 MP: 9/9
  8282 | D:9      | Found a sparkling altar of Nemelex Xobeh.
  8895 | D:9      | Received a gift from Trog
  9414 | D:10     | Entered Level 10 of the Dungeon
  9414 | D:10     | Noticed Fannar
  9428 | D:10     | Killed Fannar
  9429 | D:10     | Reached skill level 10 in Shields
  9511 | D:10     | Noticed Gastronok
  9529 | D:10     | Killed Gastronok
  9624 | D:10     | Reached XP level 11. HP: 97/97 MP: 10/10
  9626 | D:10     | Found a staircase to the Orcish Mines.
  9961 | D:10     | Identified the +1 chain mail of Honour {rElec Slay+2 SInv
                  | Stlth+}
 10177 | D:10     | Reached skill level 10 in Fighting
 10177 | D:10     | Reached skill level 10 in Polearms
 10522 | D:10     | Reached skill level 11 in Shields
 11047 | D:11     | Noticed a skeletal warrior
 11052 | D:11     | Noticed a skeletal warrior
 11053 | D:11     | Killed a skeletal warrior
 11056 | D:11     | Noticed a skeletal warrior
 11057 | D:11     | Killed a skeletal warrior
 11058 | D:11     | Reached skill level 10 in Armour
 11063 | D:11     | Killed a skeletal warrior
 11066 | D:11     | Noticed a skeletal warrior
 11076 | D:11     | Killed a skeletal warrior
 11640 | D:11     | Noticed a centaur warrior
 11652 | D:11     | Killed a centaur warrior
 12057 | D:11     | Reached skill level 12 in Shields
 12138 | D:11     | Reached XP level 12. HP: 110/110 MP: 11/11
 12838 | D:12     | Received a gift from Trog
 13340 | D:12     | Found Puodeava's Jewellery Shop.
 13592 | D:13     | Noticed a green very ugly thing
 13601 | D:13     | Killed a green very ugly thing
 14205 | D:3      | Noticed Natasha
 14208 | D:3      | Killed Natasha
 14383 | D:13     | Found a portal to a secret trove of treasure.
 14633 | D:13     | Noticed a catoblepas
 14648 | D:13     | Killed a catoblepas
 14914 | D:13     | Noticed a two-headed ogre
 14920 | D:13     | Killed a two-headed ogre
 15124 | D:13     | Noticed a centaur warrior
 15130 | D:13     | Killed a centaur warrior
 15130 | D:13     | Noticed a centaur warrior
 15131 | D:13     | Reached skill level 13 in Shields
 15134 | D:13     | Killed a centaur warrior
 15164 | D:13     | Noticed a centaur warrior
 15174 | D:13     | Killed a centaur warrior
 15314 | D:13     | Noticed a centaur warrior
 15324 | D:13     | Killed a centaur warrior
 15385 | D:13     | Identified the +1 chain mail of the Bulwark {Will++ Str-3}
 15440 | D:13     | Reached XP level 13. HP: 71/119 MP: 12/12
 15457 | D:13     | HP: 5/119 [troll (2)]
 15458 | D:13     | HP: 2/119 [efreet/+4 scimitar of flaming (3)]
 15458 | D:13     | Slain by a troll

Illustrated notes

Levels and vault maps discovered:
D:1:      lightli_arrival_chessboard, layout_basic, serial_shops,
          nicolae_shop_hallway_plus, hellmonk_ecumenical_altar_inner_sanctum
D:2:      minmay_spotlight, layout_loops_cross, serial_shops,
          nicolae_shop_peninsula, basic_altar, grunt_ministairs_10,
          minmay_pentomino_v4, uniq_robin
D:3:      layout_basic, dreamdust_mushroom_princess, uniq_natasha,
          uniq_crazy_yiuf_cottage
D:4:      layout_basic, nzn_wu_jian_council_hall
D:5:      layout_cave_pools
D:6:      layout_loops_ring, minmay_temple_entry_mini_moons
D:7:      layout_cave_pools, nicolae_overflow_hallway_of_the_gods,
          dk_yredelemnul_ordeal, mainiacjoe_overflow_tiny_flanked
D:8:      layout_cave_pods, hellmonk_lair_entry_icy, serial_rivers,
          chequers_serial_rivers_small_3, chequers_serial_rivers_micro_c,
          chequers_serial_rivers_room_a, chequers_serial_rivers_large_a,
          serial_library_hellmonk_junction
D:9:      layout_basic, mainiacjoe_overflow_paths, minmay_hedge_maze,
          chequers_serial_rivers_small_b, minmay_fountain_box
D:10:     layout_loops_cross, zombieorc1_lemuel, kennysheep_generic_room_2,
          uniq_gastronok, uniq_fannar
D:11:     layout_roguey, serial_curves, eino_curves_01, eino_curves_03,
          eino_curves_01, eino_curves_02
D:12:     wander_river, layout_basic, serial_shops, nicolae_shop_tiny_glass
D:13:     minmay_the_grid_square_5x5_5x5
          [minmay_the_grid_square_5x5_tetrominoes,
          minmay_the_grid_square_5x5_lines,
          minmay_the_grid_square_5x5_checkered, minmay_the_grid_square_5x5_c,
          minmay_the_grid_square_5x5_spiral_small,
          minmay_the_grid_square_5x5_forky,
          minmay_the_grid_square_5x5_prize_open,
          minmay_the_grid_square_5x5_eight,
          minmay_the_grid_square_5x5_prize_pseudospiral,
          minmay_the_grid_square_5x5_sharp_hourglass,
          minmay_the_grid_square_5x5_fat_x, minmay_the_grid_square_5x5_minibox,
          minmay_the_grid_square_5x5_prize_junk, minmay_the_grid_square_5x5_two,
          minmay_the_grid_square_5x5_n, minmay_the_grid_square_5x5_bridge,
          minmay_the_grid_square_5x5_prize_snowflake,
          minmay_the_grid_square_5x5_half_checkered,
          minmay_the_grid_square_5x5_prize_open,
          minmay_the_grid_square_5x5_seven,
          minmay_the_grid_square_5x5_checkered_sparse,
          minmay_the_grid_square_5x5_empty, minmay_the_grid_square_5x5_corner,
          minmay_the_grid_square_5x5_misaligned,
          minmay_the_grid_square_5x5_broken_cross], layout_basic,
          david_vaults_2, serial_bayou, serial_bayou_pond_e,
          serial_bayou_pond_a, serial_bayou_pond_e, serial_bayou_shore_b,
          nicolae_trove_entry_crystal

Skill      XL: |  1  2  3  4  5  6  7  8  9 10 11 12 |
---------------+-------------------------------------+-----
Fighting       | 4 5 6 7 8 9 11 12 | 12.9
Polearms       | 4 5 6 7 8 9 11 12 | 12.9
Armour         | 3 4 5 6 7 9 10 12 | 12.5
Dodging        | 3 4 5 6 8 |  8.0
Shields        | 1 3 5 7 9 10 12 13 | 13.4

Action                     |  1- 3 |  4- 6 |  7- 9 | 10-12 | 13-15 || total
---------------------------+-------+-------+-------+-------+-------++-------
  Melee: Spear             |    94 |   214 |   375 |   340 |       ||  1023
         Headbutt          |     5 |    25 |    76 |   150 |     2 ||   258
         Trident           |       |       |       |   337 |    11 ||   348
 Invoke: Berserk           |     1 |     1 |     9 |    22 |       ||    33
    Use: Scroll            |       |       |       |     7 |       ||     7
   Stab: Sleeping          |     1 |       |       |       |       ||     1
 Armour: Animal skin       |    38 |     7 |       |       |       ||    45
         Ring mail         |       |    78 |   164 |    32 |       ||   274
         Steam dragon scal |       |       |       |    60 |       ||    60
         Plate armour      |       |       |       |    38 |       ||    38
         Chain mail        |       |       |       |   176 |    28 ||   204
  Dodge: Dodged            |    34 |    49 |   145 |   172 |     6 ||   406
  Block: Buckler           |       |     3 |    59 |   113 |       ||   175

Table legend: (Time is in decaauts)
 A = Elapsed time spent in this place.
 B = Non-inter-level travel time spent in this place.
 C = Inter-level travel time spent in this place.
 D = Time resting spent in this place.
 E = Time spent auto-exploring this place.
 F = Levels seen in this place.
 G = Mean time per level.
                   A        B        C        D        E       F      G
               +--------+--------+--------+--------+--------+-----+--------+
         Total |  15458 |  14324 |   1134 |   1898 |  10484 |  13 | 1189.1 |
       Dungeon |  15458 |  14324 |   1134 |   1898 |  10484 |  13 | 1189.1 |
               +--------+--------+--------+--------+--------+-----+--------+

Top non-repeatable levels by time:
    D:11: 1636 daAuts
     D:8: 1599 daAuts
    D:10: 1581 daAuts
     D:9: 1498 daAuts
     D:4: 1316 daAuts
    D:12: 1174 daAuts
    D:13: 1112 daAuts
     D:6: 1101 daAuts
     D:3: 975 daAuts
     D:7: 898 daAuts
     D:5: 881 daAuts
     D:2: 865 daAuts
     D:1: 817 daAuts
